[ PARTIDA AOE2 · #513621458 ]
UnrankedEspañoles vs Georgians
Equipo del jugador · VICT
Equipo rival · DERR
[ ANÁLISIS DE REPETICIÓN · EXTRAÍDO DE LA PARTIDA GRABADA ]
Feudal
15:10
Castillos
20:52
Imperial
—
| APM promedio | 23.2 |
| APM pico | 74 |
| eAPM promedio | 16.8 |
| Aldeanos / militares | 48 / 0 |
Foco
⚔️ 13.1% · 🌾 86.9%
Fishing Ship ×20
Feudal
14:48
Castillos
—
Imperial
—
| APM promedio | 37.8 |
| APM pico | 81 |
| eAPM promedio | 17.4 |
| Aldeanos / militares | 56 / 11 |
Foco
⚔️ 25.7% · 🌾 74.3%
Militia ×5 · Archer ×3 · Fishing Ship ×3 · Demolition Raft ×3
Mapa de la partida
Recursos iniciales + cada clic de construcción. Líneas = muros · curvas = relieve. ◆ oro · ⬟ piedra · ● bayas · ✦ reliquia · ◌ hueco del cierre
Tu base· Abierta — hueco de 5t
Base de 吾剑未尝不利· Abierta — hueco de 9t
Terreno inicial suavizado · ◌ = hueco del cierre detectado · pasá el cursor para detalles
Inputs por minuto
— Gerodrick - - 吾剑未尝不利
Build order — Gerodrick
111 acciones detectadas en el replay
| 0:06 | Construir | Town Center |
| 0:15 | Construir | House |
| 0:20 | Construir | House |
| 2:16 | queue | Villager (Male) |
| 2:16 | queue | Villager (Male) |
| 2:16 | queue | Villager (Male) |
| 2:16 | queue | Villager (Male) |
| 2:16 | queue | Villager (Male) |
| 3:26 | queue | Villager (Male) |
| 4:06 | queue | Villager (Male) |
| 4:06 | queue | Villager (Male) |
| 4:06 | queue | Villager (Male) |
| 4:06 | queue | Villager (Male) |
| 4:27 | queue | Villager (Male) |
| 4:43 | queue | Villager (Male) |
| 5:33 | queue | Villager (Male) |
| 5:56 | Construir | Dock |
| 6:00 | queue | Villager (Male) |
| 6:00 | queue | Villager (Male) |
| 6:01 | queue | Villager (Male) |
| 6:22 | queue | Villager (Male) |
| 6:31 | Construir | House |
| 6:34 | queue | Fishing Ship |
| 6:34 | queue | Fishing Ship |
| 6:59 | queue | Villager (Male) |
| 6:59 | queue | Villager (Male) |
| 6:59 | queue | Villager (Male) |
| 6:59 | queue | Villager (Male) |
| 6:59 | queue | Villager (Male) |
| 6:59 | queue | Villager (Male) |
| 7:01 | Construir | House |
| 7:03 | queue | Fishing Ship |
| 7:26 | Investigar | Loom |
| 7:43 | queue | Villager (Male) |
| 7:43 | queue | Villager (Male) |
| 7:43 | queue | Villager (Male) |
| 7:50 | queue | Fishing Ship |
| 7:50 | queue | Fishing Ship |
| 8:13 | queue | Villager (Male) |
| 8:14 | queue | Villager (Male) |
| 8:27 | queue | Fishing Ship |
| 8:32 | queue | Fishing Ship |
| 9:25 | queue | Fishing Ship |
| 9:28 | Construir | House |
| 9:31 | queue | Villager (Male) |
| 9:31 | queue | Villager (Male) |
| 9:31 | queue | Villager (Male) |
| 9:48 | Construir | House |
| 10:00 | Construir | Dock |
| 10:05 | queue | Fishing Ship |
| 10:08 | queue | Villager (Male) |
| 10:41 | queue | Fishing Ship |
| 10:46 | queue | Fishing Ship |
| 10:51 | Construir | House |
| 10:52 | Construir | House |
| 11:08 | queue | Fishing Ship |
| 11:10 | queue | Villager (Male) |
| 11:31 | queue | Villager (Male) |
| 11:36 | queue | Fishing Ship |
| 11:36 | queue | Fishing Ship |
| 11:41 | queue | Villager (Male) |
| 12:11 | Construir | Mining Camp |
| 12:15 | queue | Villager (Male) |
| 13:00 | Investigar | Feudal Age |
| 13:14 | queue | Fishing Ship |
| 13:15 | queue | Fishing Ship |
| 13:16 | queue | Fishing Ship |
| 13:16 | queue | Fishing Ship |
| 13:51 | queue | Villager (Male) |
| 13:51 | queue | Villager (Male) |
| 13:58 | Construir | Mining Camp |
| 14:00 | queue | Villager (Male) |
| 14:11 | queue | Fishing Ship |
| 14:12 | queue | Fishing Ship |
| 14:18 | Construir | Dock |
| 14:47 | Construir | House |
| 15:10 | Edad | Edad Feudal |
| 15:13 | Construir | Watch Tower |
| 15:25 | Construir | Mining Camp |
| 15:30 | Construir | Barracks |
| 15:31 | queue | Villager (Male) |
| 16:30 | Construir | Palisade Wall |
| 16:35 | Construir | Palisade Wall |
| 16:39 | Construir | Palisade Wall |
| 16:50 | queue | Villager (Male) |
| 16:54 | Construir | Stable |
| 16:58 | Construir | Blacksmith |
| 18:12 | Investigar | Castle Age |
| 18:43 | Construir | Dock |
| 18:57 | Construir | Mining Camp |
| 19:01 | Investigar | Stone Mining |
| 19:24 | Construir | Mining Camp |
| 19:34 | queue | Villager (Male) |
| 19:34 | queue | Villager (Male) |
| 19:37 | Investigar | Padded Archer Armor |
| 19:59 | Investigar | Scale Barding Armor |
| 20:41 | Construir | Dock |
| 20:52 | Edad | Edad de los Castillos |
| 21:03 | Investigar | Stone Shaft Mining |
| 21:16 | Construir | Watch Tower |
| 21:47 | Investigar | Fletching |
| 22:17 | Construir | Mill |
| 22:29 | Investigar | Bloodlines |
| 22:30 | Investigar | Husbandry |
| 22:44 | queue | Villager (Male) |
| 22:45 | queue | Villager (Male) |
| 22:49 | Construir | Market |
| 23:19 | queue | Villager (Male) |
| 23:31 | Construir | Castle |
| 23:45 | queue | Villager (Male) |
| 23:45 | queue | Villager (Male) |
Build order — 吾剑未尝不利
110 acciones detectadas en el replay
| 0:25 | Construir | Town Center |
| 0:40 | Construir | House |
| 2:22 | queue | Villager (Male) |
| 2:22 | queue | Villager (Male) |
| 2:22 | queue | Villager (Male) |
| 2:23 | queue | Villager (Male) |
| 3:19 | Construir | Dock |
| 4:19 | queue | Villager (Male) |
| 4:20 | queue | Villager (Male) |
| 4:20 | queue | Villager (Male) |
| 4:29 | Construir | House |
| 4:44 | queue | Villager (Male) |
| 4:44 | queue | Villager (Male) |
| 5:06 | queue | Villager (Male) |
| 5:06 | queue | Villager (Male) |
| 5:33 | queue | Villager (Male) |
| 5:34 | queue | Villager (Male) |
| 5:37 | Investigar | Loom |
| 5:38 | Investigar | Loom |
| 5:39 | queue | Villager (Male) |
| 5:39 | queue | Villager (Male) |
| 6:11 | queue | Fishing Ship |
| 6:13 | queue | Villager (Male) |
| 6:13 | queue | Villager (Male) |
| 6:13 | queue | Villager (Male) |
| 6:45 | queue | Villager (Male) |
| 6:45 | queue | Villager (Male) |
| 7:32 | queue | Villager (Male) |
| 7:36 | Construir | House |
| 7:58 | queue | Villager (Male) |
| 7:58 | queue | Villager (Male) |
| 8:10 | queue | Villager (Male) |
| 8:20 | Construir | House |
| 8:21 | Construir | House |
| 8:28 | queue | Villager (Male) |
| 8:55 | queue | Villager (Male) |
| 9:08 | Construir | Mule Cart |
| 9:15 | queue | Villager (Male) |
| 9:29 | Construir | House |
| 9:37 | queue | Villager (Male) |
| 9:48 | Construir | Mill |
| 10:18 | Construir | Mule Cart |
| 10:22 | queue | Villager (Male) |
| 10:28 | queue | Fishing Ship |
| 10:48 | queue | Villager (Male) |
| 11:13 | queue | Villager (Male) |
| 11:17 | Construir | Mule Cart |
| 11:25 | queue | Villager (Male) |
| 11:39 | queue | Fishing Ship |
| 12:35 | Investigar | Feudal Age |
| 12:38 | queue | Villager (Male) |
| 13:07 | Construir | Barracks |
| 13:14 | queue | Villager (Male) |
| 13:38 | Construir | Barracks |
| 13:40 | queue | Villager (Male) |
| 14:16 | queue | Villager (Male) |
| 14:17 | queue | Villager (Male) |
| 14:34 | queue | Militia |
| 14:34 | queue | Militia |
| 14:48 | Edad | Edad Feudal |
| 14:52 | Construir | Archery Range |
| 14:59 | Construir | Watch Tower |
| 15:04 | queue | Villager (Male) |
| 15:05 | queue | Militia |
| 15:13 | queue | Villager (Male) |
| 17:07 | Construir | Mule Cart |
| 17:11 | queue | Villager (Male) |
| 17:12 | queue | Villager (Male) |
| 17:56 | Construir | Farm |
| 17:58 | Construir | Farm |
| 18:16 | Investigar | Double-Bit Axe |
| 18:19 | queue | Villager (Male) |
| 18:19 | queue | Villager (Male) |
| 18:20 | queue | Villager (Male) |
| 18:26 | queue | Villager (Male) |
| 18:32 | Construir | House |
| 18:41 | Construir | Mule Cart |
| 18:52 | queue | Villager (Male) |
| 19:15 | Construir | Blacksmith |
| 19:20 | queue | Archer |
| 19:21 | queue | Archer |
| 19:27 | Investigar | Town Watch |
| 19:28 | queue | Villager (Male) |
| 19:29 | queue | Demolition Raft |
| 19:47 | Investigar | Man-at-Arms (upgrade) |
| 19:48 | queue | Militia |
| 19:48 | queue | Militia |
| 19:57 | queue | Villager (Male) |
| 19:58 | queue | Villager (Male) |
| 20:11 | queue | Villager (Male) |
| 20:12 | queue | Villager (Male) |
| 20:25 | queue | Archer |
| 20:26 | queue | Villager (Male) |
| 20:29 | Investigar | Wheelbarrow |
| 20:38 | Construir | House |
| 20:39 | Construir | House |
| 21:07 | Construir | Farm |
| 21:48 | Construir | House |
| 21:52 | Construir | House |
| 21:53 | Construir | House |
| 21:57 | queue | Villager (Male) |
| 22:18 | Construir | Watch Tower |
| 22:28 | queue | Villager (Male) |
| 22:53 | Construir | Watch Tower |
| 23:07 | Construir | Market |
| 23:15 | queue | Villager (Male) |
| 23:17 | queue | Villager (Male) |
| 23:18 | queue | Demolition Raft |
| 23:18 | queue | Demolition Raft |
| 23:31 | Construir | House |
Cronología de la partida
| 3:19 | 吾剑未尝不利 · first_building Dock |
| 5:56 | Gerodrick · first_building Dock |
| 13:07 | 吾剑未尝不利 · first_building Barracks |
| 14:48 | 吾剑未尝不利 · age_up feudal |
| 14:52 | 吾剑未尝不利 · first_building Archery Range |
| 15:10 | Gerodrick · age_up feudal |
| 15:30 | Gerodrick · first_building Barracks |
| 16:30 | Gerodrick · wall_segment Palisade Wall x1 |
| 16:35 | Gerodrick · wall_segment Palisade Wall x1 |
| 16:39 | Gerodrick · wall_segment Palisade Wall x1 |
| 16:54 | Gerodrick · first_building Stable |
| 20:52 | Gerodrick · age_up castle |
| 23:31 | Gerodrick · first_building Castle |
| 24:04 | 吾剑未尝不利 · resign |
[ ANÁLISIS IA · 1 CRÉDITO ]
¿Qué pasó realmente en esta partida?
Wolo.gg analiza cada decisión: build order, eco, micro, errores típicos por bracket. Análisis personalizado por WhatsApp o Discord en 30 segundos.
Guía civ
Españoles
Perfil
Gerodrick